 Dungeon Crawl Stone Soup version 0.29-a0-371-g91724d5b39 (webtiles) character file.

Game seed: 15523035182167689053

129 puppykicker the Bolt Thrower (level 4, -3/35 HPs)
             Began as a Draconian Arcane Marksman on May 2, 2022.
             Killed by divine providence
             ... invoked by an orc priest
              (14 damage)
             ... on level 3 of the Dungeon.
             The game lasted 00:07:16 (2396 turns).

puppykicker the Bolt Thrower (DrAM)                 Turns: 2396, Time: 00:07:17

Health: -3/35      AC:  8    Str: 12    XL:     4   Next: 88%
Magic:  4/5        EV: 12    Int: 13    God:
Gold:   175        SH:  0    Dex: 14    Spells: 4/5 levels left

rFire   + . .      SeeInvis .   a - +0 hand crossbow
rCold   . . .      Faith    .   (no shield)
rNeg    . . .      Spirit   .   (body armour unavailable)
rPois   .          Reflect  .   (helmet restricted)
rElec   .          Harm     .   (no cloak)
rCorr   .          Rampage  .   f - +2 pair of gloves
Will    .....                   (no boots)
Stlth   +.........              (no amulet)
HPRegen 0.11/turn               F - ring of protection from fire
MPRegen 0.09/turn               (no ring)

@: no status effects
A: AC +5, unfitting armour, cold-blooded
a: no special abilities


You were on level 3 of the Dungeon.
You visited 1 branch of the dungeon, and saw 3 of its levels.

You collected 175 gold pieces.

Inventory:

Hand Weapons
 a - a +0 hand crossbow (weapon)
 b - a +2 dagger of speed
Missiles
 p - 3 poisoned darts
 s - 4 silver javelins
Armour
 f - a +2 pair of gloves (worn)
Jewellery
 F - a ring of protection from fire (left hand)
Scrolls
 c - a scroll of enchant armour {unknown}
 e - 3 scrolls of identify {unknown}
 j - a scroll of enchant weapon {unknown}
 k - a scroll of teleportation {unknown}
 l - 2 scrolls of torment {unknown}
 o - a scroll of immolation {unknown}
 q - a scroll of amnesia {unknown}
 w - 2 scrolls of vulnerability {!r!r}
Potions
 d - 2 potions of resistance {unknown}
 g - a potion of flight {unknown}
 h - a potion of attraction {unknown}
 i - 3 potions of curing {unknown}
 m - a potion of degeneration {unknown}
 n - a potion of brilliance {unknown}
 r - a potion of invisibility {unknown}


   Skills:
 - Level 1.1 Fighting
 + Level 4.7 Crossbows
 - Level 1.7 Dodging
 - Level 1.0 Spellcasting
 - Level 2.6 Hexes


You had 4 spell levels left.
You knew the following spells:

 Your Spells              Type           Power      Damage    Failure   Level
s - Slow                  Hex            28%        N/A       10%         1

Your spell library contained the following spells:

 Spells                   Type           Power      Damage    Failure   Level
 Pain                     Necr           0%         1d4       28%         1
 Inner Flame              Hex/Fire       4%         N/A       43%         3
 Portal Projectile        Hex/Tloc       8%         N/A       43%         3
 Cause Fear               Hex            3%         N/A       67%         4
 Agony                    Necr           0%         N/A       100%        5
 Excruciating Wounds      Necr           0%         N/A       100%        5


Dungeon Overview and Level Annotations

Branches:
Dungeon (3/15)

Altars:
Fedhas

Annotations:
D:3 Sigmund


Innate Abilities, Weirdness & Mutations

Your plain brown scales are hard. (AC +5)
You cannot fit into any form of body armour.
You are cold-blooded and may be slowed by cold attacks.


Message History

Casting: Slow (safe; 10% risk of failure)
Aiming: Slow (safe; 10% risk of failure)
Press: ? - help, Shift-Dir - straight line, f - orc
Aim: an orc, wielding a +0 falchion (chance to affect: 62%)
The orc resists with significant effort.
You now have 4/5 mp.
Shoot: a) +0 hand crossbow
Press: ? - help, Q - select action, (/) - cycle Shift-Dir - straight line, f - orc priest, p - orc
Aim: an orc priest, wielding a +0 flail and wearing a +0 scale mail (moderately wounded, 65% to hit)
You shoot a bolt. The bolt closely misses the orc priest.
The orc closely misses you.
The orc priest casts a cantrip, but nothing happens.
Shoot: a) +0 hand crossbow
Press: ? - help, Q - select action, (/) - cycle Shift-Dir - straight line, f/p - orc priest
Aim: an orc priest, wielding a +0 flail and wearing a +0 scale mail (moderately wounded, 65% to hit)
You shoot a bolt. The bolt hits the orc priest.
The orc hits you but does no damage. The orc closely misses you.
The orc priest calls down the wrath of Beogh upon you.
Pain shoots through your body!
* * * LOW HITPOINT WARNING * * *
The orc hits you with a +0 club.
* * * LOW HITPOINT WARNING * * *
The orc misses you.
You take 14 damage, and have 11/35 hp.
MASSIVE DAMAGE!!
Okay, then.
Shoot: a) +0 hand crossbow
Press: ? - help, Q - select action, (/) - cycle Shift-Dir - straight line, f/p - orc priest
Aim: an orc priest, wielding a +0 flail and wearing a +0 scale mail (heavily wounded, 65% to hit)
You shoot a bolt.
The bolt hits the orc priest but does no damage.
The orc misses you.
Shoot: a) +0 hand crossbow
Press: ? - help, Q - select action, (/) - cycle Shift-Dir - straight line, f/p - orc priest
Aim: an orc priest, wielding a +0 flail and wearing a +0 scale mail (heavily wounded, 65% to hit)
You shoot a bolt. The bolt hits the orc priest.
The orc hits you but does no damage.
The orc priest invokes the aid of Beogh against you.
Beogh smites you!
You die... ######...## #.. #oo

##...###++###...... ...
#..##...........(. ..o
#..#.............. ...
#..#....#......... o
#..........:.?....
#..........#...#
#....).)o......# .
#.....#'##@.#+##
....#........oo....#
..................#..#
....###.........#......
... P.+##.............
.. P≈≈≈ P........#..PPP
..≈≈♣≈♣≈≈≈P......#..PPP
.P ♣♣♣♣≈P.##.......PP
≈≈ P≈P.##......


You could see an orc priest and 2 orcs.

Levels and vault maps discovered:
D:1:      erik_arrival_cave_to_civilisation [erik_arrival_cave_to_hall],
          layout_rooms, shapermc_ecumenical_altar_venn
D:2:      layout_loops_cross, basic_altar, serial_forest,
          infiniplex_forest_diagonal, infiniplex_forest_lined_3_way,
          infiniplex_forest_lined_2, infiniplex_forest_corner_2,
          infiniplex_forest_end_3, infiniplex_forest_zigzag_1,
          infiniplex_forest_straight_2, infiniplex_forest_clump_double
D:3:      cheibrodos_pilgrimage, layout_basic, mainiacjoe_overflow_chevrons,
          serial_corexii_hall, corexii_hall_statues_u, corexii_hall_statues_l,
          serial_bayou_pond_c, hangedman_decor_opposing, st_stairs_11,
          ebering_dispersal_statue_hall, minmay_misc_feat_four_crosses,
          kennysheep_generic_room_15, uniq_sigmund

Notes
Turn   | Place    | Note
-------+----------+-------------------------------------------
     0 | D:1      | puppykicker the Draconian Arcane Marksman began the quest
                  | for the Orb.
     0 | D:1      | Reached XP level 1. HP: 16/16 MP: 2/2
    11 | D:1      | Identified a +0 club
    55 | D:1      | Reached skill level 2 in Crossbows
    62 | D:1      | Identified a +0 mace
    65 | D:1      | Identified a +0 hand crossbow
   113 | D:1      | Identified a +2 pair of gloves
   144 | D:1      | Identified a +0 whip
   157 | D:1      | Reached XP level 2. HP: 17/23 MP: 3/3
   159 | D:1      | Identified a +0 club
   236 | D:1      | Identified a +0 dagger
   260 | D:1      | Identified a +0 dagger
   260 | D:1      | Identified a +0 leather armour
   268 | D:1      | Identified a +0 dagger
   284 | D:1      | Identified a +0 scale mail
   284 | D:1      | Identified a +0 dagger
   287 | D:1      | Identified a +0 club
   376 | D:1      | Identified a +0 short sword
   398 | D:1      | Reached skill level 3 in Crossbows
   422 | D:1      | Identified a +0 short sword
   453 | D:1      | Found a faded altar of an unknown god.
   675 | D:1      | Identified a +0 chain mail
   734 | D:2      | Identified a +0 dagger
   754 | D:2      | Identified a ring of protection from fire
   891 | D:2      | Reached XP level 3. HP: 28/28 MP: 4/4
   907 | D:2      | Found a blossoming altar of Fedhas.
   946 | D:2      | Identified a +0 club
  1023 | D:2      | Identified a +0 flail
  1023 | D:2      | Identified a +0 whip
  1025 | D:2      | Identified a +0 whip
  1037 | D:2      | HP: 5/28 [gnoll/+0 whip (8)]
  1313 | D:2      | Identified a +0 club
  1313 | D:2      | Identified a +0 robe
  1330 | D:2      | Reached skill level 4 in Crossbows
  1330 | D:2      | Reached XP level 4. HP: 22/35 MP: 2/5
  1503 | D:2      | Identified a +0 mace
  1931 | D:3      | Identified a +0 dagger
  2126 | D:3      | Identified a +0 dagger
  2131 | D:3      | Identified a +0 dagger
  2227 | D:3      | Identified a +0 hunting sling
  2248 | D:3      | Identified a +0 club
  2258 | D:3      | Identified a +0 scythe
  2258 | D:3      | Identified a +0 robe
  2258 | D:3      | Noticed Sigmund
  2306 | D:3      | Identified a +2 dagger of speed
  2348 | D:3      | Identified a +0 flail
  2348 | D:3      | Identified a +0 scale mail
  2349 | D:3      | Identified a +0 whip
  2349 | D:3      | Identified a +0 leather armour
  2349 | D:3      | Identified a +0 club
  2349 | D:3      | Identified a +0 leather armour
  2349 | D:3      | Identified a +0 club
  2349 | D:3      | Identified a +0 ring mail
  2353 | D:3      | Identified a +0 falchion
  2354 | D:3      | Identified a +0 club
  2384 | D:3      | Identified a +0 glaive
  2396 | D:3      | Killed from afar by an orc priest

Table legend: (Time is in decaauts)
 A = Elapsed time spent in this place.
 B = Non-inter-level travel time spent in this place.
 C = Inter-level travel time spent in this place.
 D = Time resting spent in this place.
 E = Time spent auto-exploring this place.
 F = Levels seen in this place.
 G = Mean time per level.
                   A        B        C        D        E       F      G
               +--------+--------+--------+--------+--------+-----+--------+
         Total |   2451 |   2370 |     81 |    585 |   1352 |   3 |  817.0 |
       Dungeon |   2451 |   2370 |     81 |    585 |   1352 |   3 |  817.0 |
               +--------+--------+--------+--------+--------+-----+--------+

Top non-repeatable levels by time:
     D:2: 1150 daAuts
     D:1: 983 daAuts
     D:3: 317 daAuts

Table legend:
 A = Kills in this place as a percentage of kills in entire the game.
 B = Kills by you in this place as a percentage of kills by you in the entire game.
 C = Kills by friends in this place as a percentage of kills by friends in the entire game.
 D = Other kills in this place as a percentage of other kills in the entire game.
 E = Experience gained in this place as a percentage of experience gained in the entire game.
 F = Experience gained in this place divided by the number of levels of this place that you have seen.
                   A       B       C       D       E      F
               +-------+-------+-------+-------+-------+----------------------
         Total | 100.0 | 100.0 |   N/A |   N/A | 100.0 |  61.7
       Dungeon | 100.0 | 100.0 |   N/A |   N/A | 100.0 |  61.7
               +-------+-------+-------+-------+-------+----------------------

Skill      XL: |  1  2  3 |
---------------+----------+-----
Crossbows      | 2 3 4 |  4.7
Fighting       | |  1.1
Dodging        | |  1.7
Spellcasting   | |  1.0
Hexes          | |  2.6

Action                   |  1- 3 |  4- 6 || total
-------------------------+-------+-------++-------
Melee: Dagger            |       |     1 ||     1
 Fire: Hand crossbow     |   113 |    74 ||   187
 Cast: Slow              |     8 |     4 ||    12
Armor: Skin              |    10 |    36 ||    46
Dodge: Dodged            |    35 |    59 ||    94

Vanquished Creatures
  A hound (D:2)
  4 gnolls (D:2)
  A worm (D:2)
  2 dart slugs
  2 orcs (D:3)
  7 giant cockroaches
  6 goblins
  3 hobgoblins
  8 kobolds
  A quokka (D:2)
  3 ball pythons
  5 bats
  3 frilled lizards
  6 rats
52 creatures vanquished.
